 Dungeon Crawl Stone Soup version 0.31-a0-662-g684573625c (webtiles) character file.

Game seed: 10969043535291228291

7 jlumianski the Trooper (level 1, -2/18 HPs)
             Began as a Demonspawn Fighter on Aug 31, 2023.
             Succumbed to a scorpion's poison
             ... on level 2 of the Dungeon.
             The game lasted 00:00:48 (155 turns).

jlumianski the Trooper (Demonspawn Fighter)          Turns: 155, Time: 00:00:48

Health: -2/18      AC:  6    Str: 16    XL:     1   Next: 91%
Magic:  1/1        EV:  8    Int:  9    God:
Gold:   29         SH:  4    Dex: 12    Spells: 0/0 levels left

rFire   . . .        a - +0 war axe
rCold   . . .        c - +0 buckler
rNeg    . . .        b - +0 scale mail
rPois   .            (no helmet)
rElec   .            (no cloak)
rCorr   .            (no gloves)
SInv    .            (no boots)
Will    .....        (no amulet) Stlth
                     (no ring)
HPRegen 0.23/turn    (no ring)
MPRegen 0.07/turn

%: no passive effects
@: mighty, lethally poisoned (-2 -> -11)
A: no striking features
a: no special abilities


You were on level 2 of the Dungeon.
You visited 1 branch of the dungeon, and saw 2 of its levels.

You collected 29 gold pieces.

Inventory:

Hand Weapons
 a - a +0 war axe (weapon)
 f - a +1 short sword of venom
Armour
 b - a +0 scale mail (worn)
 c - a +0 buckler (worn)
Scrolls
 e - a scroll of identify {unknown}
 g - 3 scrolls of enchant armour {unknown}


   Skills:
 + Level 3.1 Fighting
 + Level 1.9 Axes
 + Level 2.8 Armour
 + Level 2.8 Shields


You couldn't memorise any spells.
You didn't know any spells.
Your spell library was empty.

Dungeon Overview and Level Annotations

Branches:
Dungeon (2/15)

Altars:


Message History

You kill the hobgoblin!
Found 7 gold pieces.
There is a stone staircase leading down here.
You climb downwards.
Found a glowing short sword.
There is a stone staircase leading up here.
Found 3 scrolls labelled YMASIO NOPLAFE.
You see here a +1 short sword of venom.
f - a +1 short sword of venom
Found a stone staircase leading down.
Found 12 gold pieces.
g - 3 scrolls labelled YMASIO NOPLAFE You now have 29 gold pieces (gained 12).
A scorpion comes into view.
You hit the scorpion but do no damage. The scorpion stings you. x2
You hit the scorpion but do no damage. You block the scorpion's attack.
The scorpion stings you.
You closely miss the scorpion. The scorpion closely misses you.
You barely miss the scorpion. You block the scorpion's attack.
The scorpion stings you but does no damage.
You slash the scorpion!
The scorpion is heavily wounded.
The scorpion stings you but does no damage. x2
You hit the scorpion.
The scorpion is severely wounded.
The scorpion stings you. The scorpion barely misses you.
You barely miss the scorpion.
The scorpion is severely wounded.
The scorpion stings you but does no damage.
The scorpion stings you.
* * * LOW HITPOINT WARNING * * *
You are lethally poisoned!
The scorpion poisons you!
You feel very mighty all of a sudden.
* * * LOW HITPOINT WARNING * * *
You feel very sick. The scorpion barely misses you.
You slash the scorpion!
You kill the scorpion!
You die...

######..#......
#..##..# #.....##
#######....###
............>#
........####.#
........# #.###
........####...#.###
............@.......
........######..####
#######.# .... #.#
###. #.# #.# #.# #.#
..#


There were no monsters in sight!

Vanquished Creatures
  A scorpion (D:2)
  A goblin (D:1)
  4 hobgoblins (D:1)
  A rat (D:1)
7 creatures vanquished.

Notes
Turn   | Place    | Note
-------+----------+-------------------------------------------
     0 | D:1      | jlumianski the Demonspawn Fighter began the quest for the
                  | Orb.
     0 | D:1      | Reached XP level 1. HP: 18/18 MP: 1/1
   143 | D:2      | Noticed a scorpion
   155 | D:2      | Killed a scorpion
   155 | D:2      | Succumbed to a scorpion's poison

Illustrated notes

Levels and vault maps discovered:
D:1:      grunt_arrival_lava_bath, layout_basic, minmay_pentomino_t4
D:2:      layout_rooms, dilly_ecumenical_altar_fadedgnrine, uniq_sigmund

Action                     || total
---------------------------++-------
  Melee: War axe           ||    25
    Use: Potion            ||     1
 Armour: Scale mail        ||    23
  Dodge: Dodged            ||     7
  Block: Buckler           ||     2

Table legend: (Time is in decaauts)
 A = Elapsed time spent in this place.
 B = Non-inter-level travel time spent in this place.
 C = Inter-level travel time spent in this place.
 D = Time resting spent in this place.
 E = Time spent auto-exploring this place.
 F = Levels seen in this place.
 G = Mean time per level.
                   A        B        C        D        E       F      G
               +--------+--------+--------+--------+--------+-----+--------+
         Total |    165 |    165 |      0 |      0 |     72 |   2 |   82.5 |
       Dungeon |    165 |    165 |      0 |      0 |     72 |   2 |   82.5 |
               +--------+--------+--------+--------+--------+-----+--------+

Top non-repeatable levels by time:
     D:1: 129 daAuts
     D:2: 35 daAuts
